 Dungeon Crawl Stone Soup version 0.25.1-2-g60ff931df9 (webtiles) character file.

Game seed: 11108804999504537420

1308 pokeman the Thaumaturge (level 8, -10/44 HPs)
             Began as a Deep Elf Wizard on Nov 24, 2020.
             Shot with an arrow by a centaur (11 damage)
             ... on level 6 of the Dungeon.
             The game lasted 00:12:53 (6235 turns).

pokeman the Thaumaturge (Deep Elf Wizard)           Turns: 6235, Time: 00:12:53

Health: -10/44     AC:  4    Str:  4    XL:     8   Next: 32%
Magic:  19/23      EV: 12    Int: 26    God:
Gold:   242        SH:  0    Dex: 13    Spells: 15/26 levels left

rFire    . . .     SeeInvis .   i - +0 whip (curse)
rCold    . . .     Gourm    .   (no shield)
rNeg     . . .     Faith    .   c - +0 leather armour
rPois    .         Spirit   .   b - +0 hat
rElec    .         Reflect  .   j - +0 cloak
rCorr    .         Harm     .   (no gloves)
MR       +....                  (no boots)
Stlth    ++........             (no amulet)
HPRegen  0.14/turn              y - ring of protection from magic
MPRegen  0.18/turn              (no ring)

@: very slightly contaminated
A: no striking features
a: no special abilities


You were on level 6 of the Dungeon.
You were very hungry.

You visited 1 branch of the dungeon, and saw 6 of its levels.

You collected 242 gold pieces.

Inventory:

Hand Weapons
 i - a cursed +0 whip (weapon)
 s - a +2 long sword of holy wrath
 B - a +0 shortbow
Missiles
 C - 16 arrows
Armour
 b - a +0 hat (worn)
 c - a +0 leather armour (worn)
 j - a +0 cloak (worn)
Magical Staves
 A - an uncursed staff of summoning {unknown}
Jewellery
 p - an uncursed ring of ice
 y - a ring of protection from magic (left hand)
 G - an uncursed ring of protection from fire {unknown}
Wands
 r - a wand of disintegration (12)
 z - a wand of polymorph (7)
 E - a wand of random effects (32)
Scrolls
 e - 5 scrolls of remove curse {unknown}
 g - 2 scrolls of identify {unknown}
 h - a scroll of blinking {unknown}
 k - 2 scrolls of enchant weapon {unknown}
 l - a scroll of teleportation {unknown}
 m - a scroll of fog {unknown}
 u - a scroll of amnesia {unknown}
 D - a scroll of magic mapping {unknown}
Potions
 a - a potion of invisibility {unknown}
 f - 3 potions of might {unknown}
 n - a potion of stabbing {unknown}
 o - 2 potions of curing
 q - a potion of mutation {unknown}
 t - 3 potions of heal wounds {unknown}
 v - a potion of brilliance {unknown}
 w - a potion of lignification {unknown}
 x - a potion of magic {unknown}
Comestibles
 d - 14 rations


   Skills:
 - Level 2.0 Fighting
 + Level 2.1 Armour
 - Level 3.0 Dodging
 - Level 3.2 Stealth
 * Level 9.5 Spellcasting
 + Level 4.9 Conjurations
 - Level 1.1 Summonings
 - Level 1.1 Translocations
 + Level 3.6 Fire Magic
 - Level 1.5 Air Magic
 - Level 1.1 Poison Magic


You had 15 spell levels left.
You knew the following spells:

 Your Spells              Type           Power        Failure   Level  Hunger
a - Magic Dart            Conj           ####         1%          1    None
b - Mephitic Cloud        Conj/Pois/Air  ####....     9%          3    None
c - Call Imp              Summ           ###.....     8%          2    None
d - Blink                 Tloc           N/A          8%          2    None
e - Conjure Flame         Conj/Fire      ####....     4%          3    None

Your spell library contained the following spells:

 Spells                   Type           Power        Failure   Level  Hunger
 Corona                   Hex            ##.....      9%          1    None
 Dazzling Flash           Conj/Hex       ####..       9%          3    None
 Ensorcelled Hibernation  Hex/Ice        ##....       13%         2    None
 Slow                     Hex            ##......     13%         2    None
 Confusing Touch          Hex            ##......     26%         3    None
 Tukima's Dance           Hex            ##......     26%         3    None


Dungeon Overview and Level Annotations

Branches:
Dungeon (6/15)
 Temple: D:4-7

Altars:
Ashenzari
Fedhas
Hepliaklqana
Kikubaaqudgha
Ru
Trog
Zin

Annotations:
D:4 2 transporters


Message History

Your crimson imp blinks!
You hit the adder skeleton.
You destroy the adder skeleton!
The centaur shoots an arrow.
The arrow hits you!
* * * LOW HITPOINT WARNING * * *
Casting: Call Imp (safe; 8% risk of failure)
Confirm with . or Enter, or press ? or * to list all spells.
Aiming: Mephitic Cloud (dangerous; 9% risk of failure)
Press: ? - help, Shift-Dir - straight line, f - centaur
Aim: a centaur, wielding a +0 shortbow and quivering 7 arrows You miscast Mephitic Cloud.
You are very lightly contaminated with residual magic.
Nothing appears to happen.
The centaur shoots an arrow.
The arrow hits you!
* * * LOW HITPOINT WARNING * * *
A centaur comes into view.
You hear the slow hiss of an avalanche of sand nearby.
The centaur shoots an arrow.
The arrow barely misses your crimson imp.
The arrow hits you!
You die...

#. #..... ... #..
...## c... ##..
#..##..... .....
##.<.......
##..##..........
#.....c.........
...#.#(#.........
###5#..####...
#..@#..# ..
.c....#.....# .
......####.....
..... #.... ..#..
.... # .. .. #..
.


You could see 2 centaurs and a friendly crimson imp (summoned).

Vanquished Creatures
  Sigmund (D:4)
  Duvessa (D:4)
  An ice beast (D:5)
  2 phantoms (D:4)
  2 ogres
  A centaur (D:5)
  A scorpion (D:5)
  Dowan (D:4)
  A centaur skeleton (D:5)
  3 hounds
  A jelly (D:5)
  An orc priest (D:3)
  An orc wizard (D:5)
  Ijyb (D:4)
  3 worker ants
  A hound zombie (D:5)
  3 gnolls (D:3)
  2 adders
  3 oozes
  2 adder skeletons
  4 worms
  A dart slug (D:2)
  5 leopard geckos
  10 orcs
  3 giant cockroaches
  6 goblins
  7 hobgoblins
  6 kobolds
  3 quokkas
  6 bats
  6 frilled lizards
  A leopard gecko zombie (D:5)
  4 rats
94 creatures vanquished.

Notes
Turn   | Place    | Note
-------+----------+-------------------------------------------
     0 | D:1      | pokeman the Deep Elf Wizard began the quest for the Orb.
     0 | D:1      | Reached XP level 1. HP: 10/10 MP: 7/7
   235 | D:1      | Reached XP level 2. HP: 16/16 MP: 6/9
   686 | D:1      | Reached skill level 5 in Spellcasting
   921 | D:2      | Reached XP level 3. HP: 20/20 MP: 4/11
   937 | D:2      | Learned a level 3 spell: Mephitic Cloud
   940 | D:2      | Learned a level 2 spell: Call Imp
   943 | D:2      | Learned a level 2 spell: Blink
   947 | D:2      | Learned a level 3 spell: Conjure Flame
  1739 | D:2      | Reached skill level 1 in Armour
  1794 | D:3      | Found a glowing silver altar of Zin.
  1796 | D:3      | Reached skill level 1 in Fighting
  1800 | D:3      | Found a hazy altar of Hepliaklqana.
  1802 | D:3      | Found a bloodstained altar of Trog.
  1803 | D:3      | Found an ancient bone altar of Kikubaaqudgha.
  1806 | D:3      | Found a sacrificial altar of Ru.
  2020 | D:3      | Reached XP level 4. HP: 25/25 MP: 6/13
  2362 | D:3      | Reached skill level 1 in Fire Magic
  2727 | D:3      | Reached skill level 6 in Spellcasting
  2727 | D:3      | Reached XP level 5. HP: 16/29 MP: 5/15
  3134 | D:4      | Noticed a phantom
  3174 | D:4      | Noticed a phantom
  3199 | D:4      | Found a transporter.
  3234 | D:4      | Noticed Sigmund
  3257 | D:4      | Killed Sigmund
  3257 | D:4      | Reached skill level 1 in Air Magic
  3257 | D:4      | Reached XP level 6. HP: 30/34 MP: 7/17
  3376 | D:4      | Reached skill level 7 in Spellcasting
  3376 | D:4      | Reached skill level 1 in Poison Magic
  3796 | D:4      | Reached XP level 7. HP: 38/38 MP: 15/20
  3809 | D:4      | Noticed Dowan
  3851 | D:4      | Found a shattered altar of Ashenzari.
  3852 | D:4      | Killed Dowan
  4053 | D:4      | Reached skill level 8 in Spellcasting
  4124 | D:4      | Found a transporter.
  4128 | D:4      | Noticed Ijyb
  4151 | D:4      | Killed Ijyb
  4305 | D:4      | Noticed Duvessa
  4346 | D:4      | Killed Duvessa
  4698 | D:5      | Entered Level 5 of the Dungeon
  4925 | D:5      | Reached skill level 9 in Spellcasting
  4925 | D:5      | Reached XP level 8. HP: 44/44 MP: 0/23
  5434 | D:5      | Found a blossoming altar of Fedhas.
  6234 | D:6      | HP: 1/44 [centaur/arrow (12)]
  6235 | D:6      | Shot with an arrow by a centaur

Illustrated notes

Levels and vault maps discovered:
D:1:      wander_arrival_estate, layout_loops_ring, serial_bayou_pond_d
D:2:      layout_basic, first_ration
D:3:      layout_rooms, minitemple
D:4:      gammafunk_steamed_eel, layout_cave_pools, grunt_decor_cap,
          ashenzari_altar_1, uniq_duvessa, uniq_sigmund, uniq_ijyb
D:5:      layout_basic, minmay_misc_feat_enclosed, fedhas_altar_fruit_tree
D:6:      layout_cave_pools, enter_ossuary_2, minivault_1, uniq_maggie

Skill      XL: |  1  2  3  4  5  6  7  8 |
---------------+-------------------------+-----
Spellcasting   | 5 6 7 9 |  9.5
Armour         | 1 2 |  2.1
Conjurations   | 2 3 4 |  4.9
Fighting       | 1 2 |  2.0
Fire Magic     | 1 3 |  3.6
Dodging        | 3 |  3.0
Stealth        | 3 |  3.2
Air Magic      | 1 |  1.5
Poison Magic   | 1 |  1.1
Summonings     | |  1.1
Translocations | |  1.1

Action                   |  1- 3 |  4- 6 |  7- 9 || total
-------------------------+-------+-------+-------++-------
Melee: Whip              |     2 |     1 |    24 ||    27
 Cast: Magic Dart        |    94 |   120 |    80 ||   294
       Conjure Flame     |     2 |     1 |    10 ||    13
       Mephitic Cloud    |     1 |     3 |    14 ||    18
       Blink             |       |       |     2 ||     2
       Call Imp          |       |       |     2 ||     2
 Stab: Confused          |       |       |     1 ||     1
  Eat: Chunk             |     3 |     6 |     6 ||    15
Armor: Robe              |     1 |       |       ||     1
       Leather armour    |     1 |     7 |     3 ||    11
Dodge: Dodged            |     4 |    18 |    38 ||    60
